Map: Galactic Process LE

Players

zizitop - Winner!

  • Race: Terran Terran
  • League: Platinum
  • Spawn Location: 1:00

Amix

  • Race: Zerg Zerg
  • League: Platinum
  • Spawn Location: 7:00

VOD

Have the link to the VOD?

Description

Time

  • Played on: Nov. 12, 2016, 7 a.m.
  • Length: 26:22
Show
View Real Time Build Order
Export as new Build Order

zizitop Terran - Winner!

Build Orders:  

Get SALT Encoding   

  12  0:01  SCV  
  13  0:13  SCV  
  14  0:22  Supply Depot  
  14  0:25  SCV  
  15  0:44  SCV  
  15  0:45  Barracks  
  16  0:53  Barracks  
  16  0:56  SCV  
  17  1:02  Refinery  
  17  1:07  Refinery  
  17  1:10  SCV  
  18  1:22  SCV  
  19  1:34  SCV  
  19  1:37  Reaper  
  21  1:44  Supply Depot  
  21  1:47  Reaper  
  21  1:53  Orbital Command  
  22  2:11  Reaper  
  23  2:19  Reaper  
  24  2:40  Command Center  
  24  2:45  Factory, SCV  
  24  2:50  Reaper  
  26  2:52  Reaper  
  26  2:57  SCV  
  28  3:09  SCV  
  26  3:38  SCV  
  26  3:40  Factory Reactor  
  27  3:43  Factory  
  27  3:50  SCV  
  27  3:51  Barracks Reactor  
  28  3:56  Barracks Tech Lab  
  28  3:57  Marine  
  28  3:58  Orbital Command  
  28  4:02  SCV  
  30  4:10  Refinery  
  30  4:14  SCV  
  30  4:16  Marauder  
  33  4:17  Refinery  
  33  4:21  Barracks Tech Lab  
  33  4:23  Hellion  
  35  4:26  SCV x2  
  37  4:37  Marauder  
  37  4:38  SCV x2  
  41  4:42  Marauder  
  43  4:45  Factory Tech Lab  
  43  4:46  Widow Mine  
  43  4:50  SCV  
  46  4:58  Supply Depot  
  46  5:01  Supply Depot  
  46  5:04  Supply Depot  
  46  5:15  Command Center  
  46  5:19  Widow Mine  
  46  5:20  Marauder, SCV x2  
  52  5:25  Siege Tank  
  52  5:26  Widow Mine  
  57  5:32  SCV  
  52  5:54  Widow Mine  
  54  5:58  Hellion  
  52  6:05  Marauder  
  52  6:06  Marauder  
  52  6:08  SCV  
  57  6:19  Hellion  
  57  6:25  Factory Reactor  
  59  6:39  Engineering Bay  
  56  6:40  Hellion, Engineering Bay  
  58  6:52  SCV  
  59  6:54  Refinery  
  59  6:59  SCV  
  60  7:02  Marauder  
  60  7:04  SCV, Planetary Fortress  
  63  7:11  SCV, Infernal Pre-Igniter  
  64  7:16  SCV  
  65  7:23  SCV  
  65  7:28  SCV  
  67  7:35  SCV  
  61  7:40  SCV  
  61  7:41  SCV  
  63  7:45  Missile Turret  
  63  7:53  Barracks, SCV  
  63  7:55  Barracks, SCV  
  63  7:56  Barracks, Starport  
  63  7:57  Starport  
  66  8:05  SCV  
  66  8:08  Missile Turret  
  66  8:10  SCV, Supply Depot  
  67  8:15  SCV  
  67  8:17  SCV  
  67  8:18  Supply Depot  
  69  8:23  SCV  
  69  8:26  Hellion x2  
  74  8:29  SCV  
  74  8:30  Terran Infantry Weapons Level 1  
  74  8:33  Terran Infantry Armor Level 1  
  75  8:35  SCV  
  75  8:37  Marauder  
  75  8:39  Concussive Shells, Stimpack  
  78  8:42  SCV, Starport Reactor, Starport Tech Lab  
  78  8:44  Barracks Reactor  
  78  8:45  Barracks Reactor x2  
  78  8:47  SCV  
  80  8:51  Refinery  
  80  8:54  Siege Tank  
  80  8:55  Refinery  
  83  8:58  SCV  
  83  8:59  SCV  
  85  9:06  Hellion x2  
  89  9:10  SCV  
  89  9:11  SCV  
  89  9:12  Supply Depot  
  91  9:21  Supply Depot  
  91  9:22  SCV  
  91  9:23  SCV  
  93  9:25  SCV, Supply Depot  
  93  9:26  Siege Tank  
  97  9:33  Marine  
  97  9:34  Marine x3  
  97  9:35  Marine x2, SCV  
  97  9:37  SCV  
  105  9:38  Supply Depot  
  105  9:41  Marauder  
  107  9:45  Supply Depot  
  107  9:47  SCV  
  107  9:48  Supply Depot  
  107  9:49  SCV  
  107  9:51  Marine x2  
  107  9:52  Marine x2  
  113  9:53  Marine x2  
  115  10:01  Widow Mine x2, Missile Turret  
  115  10:02  Missile Turret  
  119  10:09  Marine x3  
  119  10:10  Marine x2  
  119  10:11  Marine  
  119  10:12  Armory, Siege Tank  
  128  10:14  Medivac x2  
  132  10:27  Marine x4  
  136  10:28  Marine  
  136  10:30  Widow Mine x2  
  136  10:35  Marine  
  142  10:45  Marine x4, Supply Depot  
  142  10:46  Marine, Supply Depot  
  142  10:47  Supply Depot  
  147  10:53  Marine  
  148  11:00  Orbital Command  
  148  11:01  Medivac x2, Widow Mine x2  
  156  11:07  Medivac  
  158  11:24  Marine x3  
  158  11:25  Marine x3, Sensor Tower  
  163  11:31  Medivac  
  163  11:32  Sensor Tower  
  166  11:33  Terran Infantry Weapons Level 2, Terran Infantry Armor Level 2  
  166  11:35  Terran Vehicle Weapons Level 1  
  166  11:40  SCV  
  166  11:42  Marine x4  
  166  11:43  Marine x2  
  173  11:47  Missile Turret  
  173  11:52  SCV  
  174  12:00  Marine x4  
  174  12:01  Marine x2  
  180  12:10  Refinery  
  180  12:16  Refinery  
  180  12:17  Supply Depot  
  180  12:18  Marine  
  181  12:24  Starport  
  181  12:26  Starport  
  181  12:28  Starport  
  181  12:29  Armory  
  181  12:39  Marine x6, Supply Depot  
  187  12:57  Marine x2  
  189  13:03  Starport Tech Lab x2  
  189  13:04  Starport Tech Lab  
  167  14:16  Marine x3  
  167  14:17  Marine x2  
  169  14:19  Widow Mine x3  
  169  14:22  Marine  
  177  14:34  Marine x5  
  182  14:40  Marine  
  183  14:48  Siege Tank  
  183  14:52  Marine x2  
  188  15:20  Siege Tank  
  141  15:34  Marine x6  
  136  15:37  Raven x3  
  136  15:38  Medivac  
  136  15:39  Medivac  
  136  15:40  Raven  
  148  15:48  Marauder x2  
  152  15:51  Marine  
  152  15:52  Marine x5  
  152  15:53  Siege Tank  
  152  15:54  Barracks  
  152  15:56  Barracks  
  161  16:07  Sensor Tower  
  161  16:09  Marauder x2, Marine x3  
  161  16:10  Marine  
  169  16:12  Marine x2  
  171  16:20  Raven  
  173  16:27  Marine x3  
  173  16:28  Marine  
  173  16:29  Marine  
  173  16:30  Marine, Marauder x2  
  183  16:45  Marine x3  
  171  16:50  Marine  
  171  16:51  Marine x2  
  171  16:59  Marine  
  157  17:12  Marine  
  157  17:13  Marine x3  
  161  17:17  Marine  
  161  17:40  Marine x3  
  161  17:41  Marine  
  161  17:42  Barracks Reactor x2  
  166  17:55  Barracks Reactor  
  166  17:58  Marine x2, SCV  
  168  18:10  SCV  
  169  18:21  Marine x3  
  169  18:22  Marine x3  
  169  18:23  Marine  
  169  18:25  Terran Infantry Armor Level 3  
  169  18:26  Terran Infantry Weapons Level 3  
  176  18:39  Marine x2  
  176  18:40  Marine  
  151  19:10  Orbital Command  
  151  19:24  Marine x5  
  152  19:25  Marine x4  
  160  19:40  Starport Tech Lab x3  
  160  19:41  Marine  
  160  19:42  Marine x3  
  160  19:43  Marine x4  
  168  19:59  Marine  
  169  20:00  Marine x3  
  169  20:01  Marine x4  
  175  20:17  Marine  
  152  20:33  Banshee x4  
  150  21:16  Banshee x4  
  156  21:58  Banshee  
  156  21:59  Banshee x3  
  157  22:20  Terran Ship Weapons Level 1, Terran Vehicle And Ship Armor Level 1  
  155  22:41  Banshee x2  
  155  22:42  Banshee x2  
  161  22:52  Marine x3  
  160  23:24  Banshee x3  
  160  23:25  Banshee  
  172  24:07  Banshee x4  
  137  24:33  Viking x2  
  137  24:35  Cloaking Field  
  135  24:50  Viking, Banshee x2  
  138  25:03  Marine x3, Viking  
  138  25:04  Marine x5  
  132  25:11  Orbital Command  
  129  25:21  Marine x4  
  129  25:22  Marine x2  
  128  25:53  Missile Turret  
  128  25:54  Missile Turret  
  128  25:55  Missile Turret  
Show
View Real Time Build Order
Export as new Build Order

Amix Zerg 

Build Orders: Hatch First, Zergling Baneling 

Get SALT Encoding   

  12  0:01  Drone  
  13  0:13  Overlord  
  13  0:19  Drone  
  14  0:31  Drone x2  
  14  0:34  Drone  
  17  0:43  Extractor  
  17  0:54  Hatchery  
  17  0:56  Drone  
  17  1:02  Extractor  
  17  1:03  Drone  
  17  1:16  Spawning Pool  
  16  1:19  Drone  
  16  1:23  Drone  
  18  1:32  Drone  
  19  1:44  Drone  
  20  1:50  Drone  
  21  2:01  Drone  
  22  2:03  Metabolic Boost  
  22  2:05  Queen  
  24  2:08  Queen  
  24  2:12  Drone  
  24  2:15  Drone  
  28  2:25  Baneling Nest  
  28  2:27  Overlord  
  26  2:40  Spine Crawler  
  26  2:43  Spine Crawler  
  24  2:44  Zergling x2  
  25  2:54  Spine Crawler  
  25  2:58  Zergling x4  
  25  3:00  Drone  
  26  3:33  Zergling x2  
  26  3:34  Zergling x16  
  30  3:35  Zergling x2  
  36  3:44  Overlord  
  36  3:56  Overlord x2  
  36  4:05  Drone x3  
  39  4:24  Drone x6  
  42  4:25  Drone  
  46  4:38  Drone x3  
  46  4:39  Drone  
  50  4:48  Drone x3  
  53  4:57  Baneling x6  
  53  4:58  Baneling x4  
  45  6:03  Zergling x20  
  45  6:04  Zergling x8  
  55  6:13  Lair  
  55  6:14  Extractor  
  55  6:15  Extractor  
  53  6:19  Zergling x4  
  55  6:32  Zergling x4  
  56  6:33  Zergling x2  
  56  6:48  Zergling x4  
  56  6:49  Zergling x2  
  59  7:02  Overlord x4  
  59  7:04  Spine Crawler  
  58  7:17  Evolution Chamber  
  58  7:18  Evolution Chamber  
  56  7:24  Hatchery  
  42  7:42  Drone x2  
  42  7:43  Drone x5  
  48  7:47  Zerg Melee Weapons Level 1  
  48  7:48  Zerg Ground Armor Level 1  
  48  7:52  Queen  
  48  7:53  Queen  
  52  8:13  Drone  
  52  8:14  Drone x3  
  52  8:18  Hatchery  
  55  8:24  Drone x2  
  55  8:26  Extractor  
  56  8:28  Hatchery  
  55  8:53  Queen x2  
  55  8:54  Queen  
  61  8:56  Drone x5  
  61  8:57  Drone x5  
  71  9:12  Drone x5  
  71  9:13  Extractor x2  
  74  9:26  Zergling x6  
  74  9:27  Drone x2  
  79  9:34  Spire  
  79  9:36  Spire  
  77  9:46  Queen x5  
  77  9:48  Baneling x7  
  77  9:49  Baneling x7  
  77  9:51  Zergling x6  
  90  10:15  Overlord x5  
  90  10:21  Queen  
  90  10:23  Drone x9  
  101  10:47  Zerg Flyer Weapons Level 1  
  101  10:48  Zerg Flyer Armor Level 1  
  101  10:50  Mutalisk x3  
  101  10:51  Mutalisk x4  
  101  10:56  Mutalisk x2  
  115  11:02  Zerg Melee Weapons Level 2  
  119  11:10  Infestation Pit  
  118  11:17  Mutalisk  
  118  11:18  Mutalisk x6  
  132  11:26  Zerg Ground Armor Level 2  
  132  11:42  Mutalisk x2  
  132  11:43  Mutalisk x3  
  142  11:54  Lair  
  142  12:00  Pneumatized Carapace  
  142  12:01  Overseer  
  142  12:02  Overseer  
  142  12:16  Overlord x5  
  142  12:17  Overlord x3  
  142  12:47  Drone x5  
  142  12:48  Spine Crawler  
  142  12:49  Spine Crawler  
  142  12:50  Extractor x2  
  143  12:52  Spine Crawler  
  143  12:55  Hive  
  142  13:00  Mutalisk x4  
  142  13:01  Mutalisk x4  
  158  13:11  Zerg Flyer Weapons Level 2  
  158  13:14  Baneling x2  
  145  14:12  Zergling x12  
  145  14:13  Zergling x18  
  145  14:14  Zergling x10  
  164  14:37  Baneling  
  164  14:38  Baneling x22  
  163  14:39  Baneling x18  
  163  14:41  Centrifical Hooks  
  143  15:50  Zerg Flyer Weapons Level 3, Zerg Flyer Armor Level 2  
  143  15:53  Zergling x2  
  143  15:54  Zergling x16  
  152  16:22  Hatchery  
  151  16:25  Hatchery  
  102  17:52  Zerg Ground Armor Level 3, Zerg Melee Weapons Level 3  
  98  18:02  Ultralisk Cavern  
  95  18:07  Zergling x4  
  95  18:08  Zergling x18  
  95  18:09  Zergling x18  
  95  18:10  Zergling x8  
  82  19:19  Ultralisk x8  
  82  19:20  Ultralisk x4  
  154  19:31  Zergling x12  
  156  19:32  Zergling x2  
  161  19:39  Overseer  
  161  19:46  Chitinous Plating  
  161  19:49  Drone x6  
  167  19:55  Extractor  
  167  19:56  Extractor  
  164  20:12  Baneling  
  164  20:13  Baneling x7  
  151  21:17  Zergling x12  
  151  21:18  Zergling x6  
  157  21:19  Overlord x3  
  156  21:47  Zergling x2  
  156  21:48  Zergling x10  
  155  22:16  Corruptor x2  
  158  22:47  Zergling x14  
  158  22:48  Zergling x12  
  170  23:12  Hatchery  
  166  23:16  Hatchery x2  
  166  23:19  Hatchery  
  163  23:27  Hatchery  
  102  24:31  Mutalisk  
  89  24:33  Zergling x4  
  89  24:34  Zergling x20  
  89  24:35  Zergling x16  
  61  25:37  Zergling x16  
  61  25:38  Zergling x2  
  69  25:57  Baneling x2  
  58  26:19  Extractor  
  58  26:20  Extractor  
Tags
 
Add a new tag
Caveats
  • Supply blocks, unpowered buildings, or Contaminate may cause inaccurate times.
  • Supply counts are checked every 10 seconds.